Map: Ley Lines

Players

MagnafloW - Winner!

  • Race: Terran Terran
  • League: Diamond
  • Spawn Location: 7:00

SubN

  • Race: Zerg Zerg
  • League: Diamond
  • Spawn Location: 1:00

VOD

Have the link to the VOD?

Description

Time

  • Played on: July 30, 2025, 10:54 p.m.
  • Length: 14:06
Show
View Real Time Build Order
Export as new Build Order

MagnafloW Terran - Winner!

Build Orders:  

Get SALT Encoding   

  12  0:00  SCV  
  13  0:12  SCV  
  14  0:17  Supply Depot  
  14  0:24  SCV  
  15  0:39  SCV  
  15  0:40  Barracks  
  16  0:51  SCV  
  17  1:03  SCV  
  18  1:15  SCV  
  19  1:24  Command Center  
  19  1:27  Marine  
  19  1:29  SCV  
  21  1:35  Supply Depot  
  21  1:41  SCV  
  21  1:45  Marine  
  23  1:50  Barracks  
  23  2:00  Orbital Command  
  23  2:04  Marine  
  24  2:10  Bunker  
  24  2:22  Marine  
  24  2:25  SCV  
  26  2:36  Orbital Command  
  26  2:38  Marine  
  26  2:39  SCV  
  26  2:40  Marine  
  29  2:45  Refinery  
  29  2:49  Refinery  
  29  2:51  Refinery  
  29  2:52  SCV  
  29  2:56  Marine, Engineering Bay  
  31  3:01  Marine  
  31  3:03  SCV  
  33  3:12  SCV  
  34  3:17  Marine  
  34  3:19  SCV  
  36  3:20  Marine  
  36  3:25  Supply Depot  
  36  3:26  SCV  
  38  3:31  SCV  
  38  3:33  Factory  
  38  3:35  Barracks Tech Lab  
  39  3:41  SCV  
  39  3:43  SCV  
  39  3:44  Barracks Reactor  
  40  3:52  Supply Depot  
  40  3:53  SCV  
  40  3:54  Marine  
  40  3:55  SCV  
  43  3:56  Stimpack  
  43  4:05  SCV  
  43  4:07  SCV  
  45  4:14  Marine  
  45  4:16  Factory Tech Lab  
  46  4:17  SCV  
  46  4:18  Starport  
  46  4:19  Terran Infantry Weapons Level 1, SCV  
  46  4:20  Marine  
  46  4:21  Marine  
  50  4:26  Supply Depot  
  50  4:29  SCV  
  51  4:34  SCV  
  52  4:38  Marine  
  52  4:39  Marine x2, Siege Tank  
  57  4:46  Supply Depot  
  57  4:48  SCV x2  
  59  4:56  Marine  
  59  4:57  Supply Depot  
  59  4:58  Starport Reactor, Marine x2  
  62  5:01  SCV x2  
  64  5:12  Siege Tank  
  64  5:13  SCV x2  
  69  5:14  Marine  
  69  5:16  Marine x2  
  72  5:22  Supply Depot  
  72  5:25  Supply Depot  
  72  5:32  Command Center  
  72  5:34  SCV x2  
  72  5:35  Marine  
  75  5:37  Marine  
  75  5:39  Medivac  
  75  5:42  Medivac  
  80  5:48  Marine  
  80  5:49  Siege Tank  
  84  5:51  SCV x2  
  86  5:58  Supply Depot  
  86  6:01  Marine x2  
  86  6:02  Combat Shield  
  88  6:05  SCV x2  
  90  6:11  Marine  
  90  6:14  Liberator  
  90  6:15  Liberator  
  97  6:19  Marine x2  
  97  6:24  Refinery  
  99  6:27  Supply Depot, Terran Infantry Armor Level 1  
  99  6:35  Marine  
  100  6:42  Marine, Siege Tank  
  100  6:43  Marine  
  105  6:52  Barracks  
  105  6:53  Barracks x2  
  105  6:54  Marine  
  106  7:04  Supply Depot  
  104  7:21  Marine x2  
  104  7:22  Marine, Siege Tank  
  95  7:38  Viking  
  95  7:41  Barracks Tech Lab  
  95  7:42  Barracks Reactor  
  95  7:44  Marine x3  
  97  7:49  Barracks Reactor  
  100  7:55  Hellion  
  94  8:19  Marine x5  
  94  8:20  Marine  
  94  8:21  Siege Tank, Medivac x2  
  94  8:33  Planetary Fortress  
  94  8:36  Refinery  
  94  8:37  Marine  
  94  8:38  Refinery  
  92  8:46  Marine x5  
  97  8:50  Marine x2  
  99  9:03  Marine  
  99  9:04  Marine x4, Siege Tank  
  99  9:05  Medivac x2  
  99  9:06  Marine  
  99  9:07  Concussive Shells  
  112  9:12  Armory  
  112  9:14  Engineering Bay  
  112  9:22  Supply Depot, Marine x2  
  112  9:23  Marine x3  
  117  9:26  SCV  
  117  9:27  SCV  
  119  9:39  Marine x3, SCV  
  119  9:40  Marine x2  
  119  9:43  Marine x3  
  119  9:44  Siege Tank  
  119  9:45  Medivac x2  
  135  9:57  Marine x4  
  135  9:58  Command Center, Marine  
  140  10:06  Marine x3  
  143  10:15  Marine x2  
  143  10:17  Marine x3  
  148  10:24  Marine  
  149  10:30  Terran Infantry Weapons Level 2  
  149  10:31  Terran Infantry Armor Level 2, Terran Vehicle Weapons Level 1  
  149  11:02  Marine x4  
  149  11:04  Marine x4, Siege Tank, Medivac x2  
  117  11:20  Marine x4  
  117  11:22  Marine x4  
  117  11:23  Planetary Fortress  
  125  11:37  Barracks, Marine  
  125  11:38  Marine x3  
  125  11:39  Barracks x2, Marine x3  
  129  11:40  Marine  
  129  11:44  SCV x3  
  136  11:49  Medivac x2  
  136  11:50  Siege Tank  
  143  11:55  Marine x4  
  143  11:57  Marine x3  
  143  11:58  Marine  
  151  12:13  Marine x4  
  151  12:15  Marine x4  
  159  12:23  Marine  
  159  12:25  Medivac x2  
  164  12:50  Marine x2  
Show
View Real Time Build Order
Export as new Build Order

SubN Zerg 

Build Orders: Hatch First 

Get SALT Encoding   

  12  0:00  Drone  
  13  0:12  Overlord  
  13  0:17  Drone  
  14  0:31  Drone x2  
  16  0:49  Hatchery  
  15  0:52  Drone  
  15  0:55  Drone  
  17  0:59  Drone  
  18  1:09  Extractor  
  17  1:16  Spawning Pool  
  16  1:20  Drone  
  16  1:23  Drone  
  18  1:28  Drone  
  19  2:03  Queen x2  
  19  2:05  Zergling x8  
  27  2:12  Overlord  
  27  2:16  Metabolic Boost  
  27  2:22  Drone  
  28  2:28  Overlord  
  28  2:36  Drone x2  
  30  2:39  Drone  
  31  2:48  Queen  
  32  2:59  Queen  
  32  3:04  Drone  
  32  3:05  Drone  
  36  3:07  Drone  
  37  3:30  Hatchery  
  36  3:50  Spore Crawler  
  36  3:53  Lair  
  36  3:54  Pneumatized Carapace  
  35  4:00  Overlord x3  
  35  4:05  Overlord  
  35  4:06  Spore Crawler  
  34  4:14  Drone  
  35  4:24  Drone x4, Roach Warren  
  38  4:41  Drone x6  
  44  4:53  Drone x5  
  44  4:59  Overseer  
  49  5:02  Overseer  
  49  5:03  Glial Reconstitution  
  49  5:09  Extractor  
  49  5:10  Extractor  
  49  5:12  Drone x2  
  49  5:13  Drone  
  50  5:14  Drone x2  
  50  5:21  Overlord  
  52  5:22  Overlord  
  52  5:23  Overlord  
  52  5:34  Drone  
  52  5:35  Baneling Nest, Queen  
  52  5:40  Drone x3  
  57  5:43  Overlord  
  57  5:46  Drone x2  
  59  5:54  Evolution Chamber  
  59  5:56  Evolution Chamber  
  57  5:59  Drone x4  
  61  6:15  Extractor  
  60  6:20  Zergling x22  
  60  6:23  Baneling  
  60  6:24  Baneling x4  
  71  6:26  Zerg Melee Weapons Level 1  
  71  6:30  Zerg Ground Armor Level 1, Spore Crawler  
  70  6:34  Centrifugal Hooks  
  70  6:37  Zergling x2  
  70  6:38  Zergling x4  
  73  6:41  Baneling  
  73  6:42  Baneling x5  
  74  6:47  Zergling x6  
  76  6:59  Zergling x6  
  76  7:00  Zergling x10  
  84  7:03  Baneling x4  
  75  7:22  Zergling x14  
  72  7:25  Baneling x2  
  72  7:30  Zergling x2  
  72  7:31  Zergling x10  
  79  7:38  Zergling x2  
  79  7:40  Zergling x2  
  79  7:49  Zergling x4  
  55  8:40  Drone  
  56  8:51  Zerg Melee Weapons Level 2, Zerg Ground Armor Level 2  
  56  8:52  Hatchery  
  55  8:59  Hatchery  
  55  9:01  Drone x3  
  55  9:02  Drone x3  
  60  9:11  Drone  
  60  9:12  Drone x9  
  70  9:19  Infestation Pit  
  70  9:23  Spire  
  68  9:29  Drone x4  
  72  9:34  Overlord  
  72  9:36  Overseer  
  72  9:50  Zergling x8  
  72  9:51  Zergling x8  
  80  9:54  Baneling x8  
  80  9:55  Baneling  
  80  10:05  Zergling x6  
  80  10:06  Zergling x2  
  84  10:12  Zergling x4  
  86  10:14  Queen  
  86  10:20  Zergling x8  
  86  10:21  Zergling x8  
  96  10:23  Baneling x5  
  96  10:24  Baneling x4  
  96  10:27  Zergling x2  
  97  10:30  Overlord  
  97  10:31  Overlord  
  96  10:36  Zergling x2  
  86  11:10  Zergling x2  
  86  11:11  Zergling x18  
  77  11:27  Extractor  
  77  11:28  Extractor  
  75  11:39  Hive  
  75  11:46  Hatchery  
  74  11:49  Drone x12  
Tags
 
Matchup
TvZ
Replay Pack
Multiplayer
Spawn Locations
Cross Positions
Add a new tag
Caveats
  • Supply blocks, unpowered buildings, or Contaminate may cause inaccurate times.
  • Supply counts are checked every 10 seconds.